PCL
MILE HIGH BRONCOS @ SAN JOSE MISSIONS
07/05/2024
 
TOP OF THE 1ST
Mile High Broncos batting - Pitching for San Jose Missions : RHP Bob Cunningham
Pitching: RHP Bob Cunningham
Batting: RHB Juan Gonzáles 0-0: Foul Ball, location: 2F
0-1: Ball
1-1: Ball
2-1: Ball
3-1: Called Strike
3-2: Fly out, F5 (Popup, 5S)
Batting: RHB Juan Jose Guevana 0-0: Ball
1-0: Ball
2-0: Called Strike
2-1: Foul Ball, location: 2F
2-2: Ball
3-2: Fly out, F8 (Flyball, 8LXD)
Batting: RHB Vincente Ventura 0-0: Ball
1-0: Ground out 4-3 (Groundball, 4)
Top of the 1st over - 0 run(s), 0 hit(s), 0 error(s), 0 left on base; Mile High 0 - San Jose 0
BOTTOM OF THE 1ST
San Jose Missions batting - Pitching for Mile High Broncos : RHP Bob Smith
Pitching: RHP Bob Smith
Batting: RHB Luis Antonio Rosas 0-0: Ball
1-0: SINGLE (Line Drive, 9LS)
Batting: RHB Madidou El Sayed 0-0: Ball
1-0: Ball
2-0: Ball
3-0: Base on Balls
Luis Antonio Rosas to second
Batting: LHB Miguel Montés 0-0: Ball
1-0: Foul Ball, location: 2F
1-1: Foul Ball, location: 2F
1-2: Ball
2-2: Strikes out swinging
Batting: RHB Armando López 0-0: Swinging Strike
0-1: Foul Ball, location: 2F
0-2: Ball
1-2: Ball
2-2: Strikes out swinging
Batting: LHB John Foster 0-0: Foul Ball, location: 2F
0-1: Foul Ball, location: 2F
0-2: Ball
1-2: SINGLE (Line Drive, 8LS)
Luis Antonio Rosas to third
Madidou El Sayed to second
Runner from 3rd tries for Home, SAFE, no throw or cutoff
Batting: RHB Javier Ramírez 0-0: Called Strike
0-1: Called Strike
0-2: Ball
Wild Pitch!
Madidou El Sayed to third
John Foster to second
1-2: Strikes out swinging
Bottom of the 1st over - 1 run(s), 2 hit(s), 0 error(s), 2 left on base; Mile High 0 - San Jose 1
TOP OF THE 2ND
Mile High Broncos batting - Pitching for San Jose Missions : RHP Bob Cunningham
Batting: RHB Francisco Medina 0-0: Called Strike
0-1: Ball
1-1: Swinging Strike
1-2: Fly out, F6 (Line Drive, 6)
Batting: LHB Bill Houston 0-0: Ball
1-0: Called Strike
1-1: Foul Ball, location: 2F
1-2: Foul Ball, location: 2F
1-2: Ground out 4-3 (Groundball, 4)
Batting: SHB Tom Stevens 0-0: Fly out, F6 (Line Drive, 6M)
Top of the 2nd over - 0 run(s), 0 hit(s), 0 error(s), 0 left on base; Mile High 0 - San Jose 1
BOTTOM OF THE 2ND
San Jose Missions batting - Pitching for Mile High Broncos : RHP Bob Smith
Batting: RHB Artie Green 0-0: Called Strike
0-1: Ball
1-1: Ball
2-1: Foul Ball, location: 2F
2-2: Foul Ball, location: 2F
2-2: Ground out 5-3 (Groundball, 5)
Batting: RHB Bobby Brewster 0-0: Ball
1-0: Swinging Strike
1-1: Swinging Strike
1-2: Ball
2-2: Ground out 1-3 (Groundball, 13)
Batting: RHB Elliott Rucker 0-0: Called Strike
0-1: Foul Ball, location: 2F
0-2: Strikes out swinging
Bottom of the 2nd over - 0 run(s), 0 hit(s), 0 error(s), 0 left on base; Mile High 0 - San Jose 1
TOP OF THE 3RD
Mile High Broncos batting - Pitching for San Jose Missions : RHP Bob Cunningham
Batting: RHB Terry Fuller 0-0: Foul Ball, location: 2F
0-1: Ball
1-1: Foul Ball, location: 2F
1-2: Strikes out swinging
Batting: RHB José Rodríguez 0-0: SINGLE (Line Drive, 56D)
Batting: RHB Edward Williams 0-0: Called Strike
José Rodríguez is caught stealing 2nd base
0-1: Ball
1-1: Ball
2-1: Foul Ball, location: 2F
2-2: Ground out 6-3 (Groundball, 6)
Top of the 3rd over - 0 run(s), 1 hit(s), 0 error(s), 0 left on base; Mile High 0 - San Jose 1
BOTTOM OF THE 3RD
San Jose Missions batting - Pitching for Mile High Broncos : RHP Bob Smith
Batting: RHB Luis Antonio Rosas 0-0: Foul Ball, location: 2F
0-1: SINGLE (Groundball, 4MD)
Batting: RHB Madidou El Sayed 0-0: Swinging Strike
0-1: Ball
1-1: Foul Ball, location: 2F
1-2: Foul Ball, location: 2F
1-2: Reached on error, E5 (Groundball, 5S)
Luis Antonio Rosas to second
Batting: LHB Miguel Montés 0-0: Called Strike
0-1: Swinging Strike
0-2: Ball
1-2: Foul Ball, location: 2F
1-2: Strikes out swinging
Batting: RHB Armando López 0-0: Ball
1-0: Grounds into double play, 4-6-3 (Groundball, 34)
Bottom of the 3rd over - 0 run(s), 1 hit(s), 1 error(s), 1 left on base; Mile High 0 - San Jose 1
TOP OF THE 4TH
Mile High Broncos batting - Pitching for San Jose Missions : RHP Bob Cunningham
Batting: RHB Juan Gonzáles 0-0: Ball
1-0: Foul Ball, location: 2F
1-1: Called Strike
1-2: Ball
2-2: Ball
3-2: Strikes out swinging
Batting: RHB Juan Jose Guevana 0-0: Called Strike
0-1: Ball
1-1: Called Strike
1-2: Ball
2-2: Foul Ball, location: 2F
2-2: Ball
3-2: Foul Ball, location: 2F
3-2: Foul Ball, location: 2F
3-2: Foul Ball, location: 2F
3-2: Strikes out swinging
Batting: RHB Vincente Ventura 0-0: Ground out 5-3 (Groundball, 56)
Top of the 4th over - 0 run(s), 0 hit(s), 0 error(s), 0 left on base; Mile High 0 - San Jose 1
BOTTOM OF THE 4TH
San Jose Missions batting - Pitching for Mile High Broncos : RHP Bob Smith
Batting: LHB John Foster 0-0: Called Strike
0-1: Ball
1-1: Ball
2-1: SINGLE (Groundball, 4MD)
Batting: RHB Javier Ramírez 0-0: Foul Ball, location: 2F
0-1: Fly out, F8 (Flyball, 8RM)
Batting: RHB Artie Green 0-0: Ball
Wild Pitch!
John Foster to second
1-0: Ball
2-0: Ball
3-0: Base on Balls
Batting: RHB Bobby Brewster 0-0: Called Strike
0-1: Ball
1-1: Swinging Strike
1-2: Ball
2-2: Foul Ball, location: 2F
2-2: Strikes out swinging
Batting: RHB Elliott Rucker 0-0: Fly out, F9 (Flyball, 9S)
Bottom of the 4th over - 0 run(s), 1 hit(s), 0 error(s), 2 left on base; Mile High 0 - San Jose 1
TOP OF THE 5TH
Mile High Broncos batting - Pitching for San Jose Missions : RHP Bob Cunningham
Batting: RHB Francisco Medina 0-0: Ground out 1-3 (Groundball, 23)
Batting: LHB Bill Houston 0-0: Ball
1-0: Ball
2-0: Swinging Strike
2-1: Called Strike
2-2: SINGLE (Groundball, 6M)
Batting: SHB Tom Stevens 0-0: Ball
1-0: Ball
2-0: Called Strike
2-1: Ball
3-1: Foul Ball, location: 2F
3-2: Foul Ball, location: 2F
3-2: Strikes out swinging
Batting: RHB Terry Fuller 0-0: Ball
1-0: SINGLE (Line Drive, 6)
Bill Houston to second
Batting: RHB José Rodríguez 0-0: Foul Ball, location: 2F
0-1: Ball
1-1: Called Strike
1-2: 3-RUN HOME RUN (Flyball, 7LD), Distance : 354 ft
Batting: RHB Edward Williams 0-0: Called Strike
0-1: DOUBLE (Line Drive, 89XD)
Batting: RHB Juan Gonzáles 0-0: Ball
1-0: Ground out 4-3 (Groundball, 4)
Top of the 5th over - 3 run(s), 4 hit(s), 0 error(s), 1 left on base; Mile High 3 - San Jose 1
BOTTOM OF THE 5TH
San Jose Missions batting - Pitching for Mile High Broncos : RHP Bob Smith
Batting: RHB Luis Antonio Rosas 0-0: Called Strike
0-1: Called Strike
0-2: Foul Ball, location: 2F
0-2: Ball
1-2: Ball
Single, Error in OF, E8, batter to second base
Batting: RHB Madidou El Sayed 0-0: Ball
1-0: Ground out 6-3 (Groundball, 6M)
Luis Antonio Rosas to third
Batting: LHB Miguel Montés 0-0: Ball
1-0: Ball
2-0: Ball
3-0: Called Strike
3-1: Base on Balls
Pitching: RHP Todd Howell
Batting: RHB Armando López 0-0: Ball
1-0: Swinging Strike
1-1: Ball
2-1: Swinging Strike
2-2: Ball
3-2: Base on Balls
Miguel Montés to second
Batting: LHB John Foster 0-0: Ball
1-0: Called Strike
1-1: Ball
2-1: Foul Ball, location: 2F
2-2: Foul Ball, location: 2F
2-2: Ball
3-2: Fly out, F8 (Flyball, 8LM)
Batting: RHB Javier Ramírez 0-0: Swinging Strike
0-1: Swinging Strike
0-2: Ball
1-2: Ball
2-2: Ball
3-2: Foul Ball, location: 2F
3-2: Strikes out swinging
Bottom of the 5th over - 0 run(s), 1 hit(s), 1 error(s), 3 left on base; Mile High 3 - San Jose 1
TOP OF THE 6TH
Mile High Broncos batting - Pitching for San Jose Missions : RHP Bob Cunningham
Batting: RHB Juan Jose Guevana 0-0: Called Strike
0-1: Called Strike
0-2: Strikes out swinging
Batting: RHB Vincente Ventura 0-0: Called Strike
0-1: Ball
1-1: Ball
2-1: Ground out U3 (Groundball, 3S)
Batting: RHB Francisco Medina 0-0: Called Strike
0-1: Ball
1-1: Ball
2-1: Ball
3-1: Called Strike
3-2: Foul Ball, location: 2F
3-2: Strikes out swinging
Top of the 6th over - 0 run(s), 0 hit(s), 0 error(s), 0 left on base; Mile High 3 - San Jose 1
BOTTOM OF THE 6TH
San Jose Missions batting - Pitching for Mile High Broncos : RHP Todd Howell
Batting: RHB Artie Green 0-0: Ground out 6-3 (Groundball, 6MS)
Batting: RHB Bobby Brewster 0-0: Ball
1-0: Foul Ball, location: 2F
1-1: Ground out 6-3 (Groundball, 6)
Batting: RHB Elliott Rucker 0-0: Ball
1-0: Ball
2-0: Swinging Strike
2-1: Foul Ball, location: 2F
2-2: Strikes out looking
Bottom of the 6th over - 0 run(s), 0 hit(s), 0 error(s), 0 left on base; Mile High 3 - San Jose 1
TOP OF THE 7TH
Mile High Broncos batting - Pitching for San Jose Missions : RHP Bob Cunningham
Pitching: LHP Robert Flannery
Batting: LHB Bill Houston 0-0: Ball
1-0: Ball
2-0: Ball
3-0: Called Strike
3-1: Foul Ball, location: 2F
3-2: Foul Ball, location: 2F
3-2: Base on Balls
Batting: SHB Tom Stevens 0-0: Ball
1-0: Ball
2-0: Ball
3-0: Swinging Strike
3-1: DOUBLE (Line Drive, 3L)
Bill Houston to third
Batting: RHB Terry Fuller 0-0: SINGLE (Groundball, 4)
Bill Houston scores
Tom Stevens to third
Runner from 3rd tries for Home, SAFE, no throw or cutoff
Batting: RHB José Rodríguez 0-0: Ball
1-0: Ball
2-0: SINGLE (Line Drive, 6MD)
Terry Fuller to second
Batting: RHB Edward Williams 0-0: Called Strike
0-1: SINGLE (Groundball, 6MD)
Terry Fuller to third
José Rodríguez to second
Batting: RHB Juan Gonzáles 0-0: Called Strike
0-1: Called Strike
0-2: Foul Ball, location: 2F
0-2: Ball
1-2: DOUBLE (Line Drive, 78XD)
Terry Fuller scores
José Rodríguez scores
Edward Williams to third
Runner from 3rd tries for Home, SAFE, no throw or cutoff
Pitching: RHP Larry West
Batting: RHB Juan Jose Guevana 0-0: Foul Ball, location: 2F
0-1: Swinging Strike
0-2: Strikes out swinging
Batting: RHB Vincente Ventura 0-0: Called Strike
0-1: SINGLE (Line Drive, 3D)
Juan Gonzáles to third
Batting: RHB Francisco Medina 0-0: Swinging Strike
0-1: Foul Ball, location: 2F
0-2: Foul Ball, location: 2F
0-2: Ball
1-2: Ball
2-2: Strikes out swinging
Batting: LHB Bill Houston 0-0: Called Strike
0-1: Ball
1-1: Ball
2-1: Foul Ball, location: 2F
2-2: Foul Ball, location: 2F
2-2: Fly out, F7 (Line Drive, 7S)
Top of the 7th over - 5 run(s), 6 hit(s), 0 error(s), 2 left on base; Mile High 8 - San Jose 1
BOTTOM OF THE 7TH
San Jose Missions batting - Pitching for Mile High Broncos : RHP Todd Howell
Batting: RHB Luis Antonio Rosas 0-0: Called Strike
0-1: Ball
1-1: Swinging Strike
1-2: Ball
2-2: Ground out 5-3 (Groundball, 5S)
Pitching: RHP Todd Clark
Batting: RHB Madidou El Sayed 0-0: Called Strike
0-1: Ball
1-1: Called Strike
1-2: Strikes out looking
Batting: LHB Miguel Montés 0-0: Called Strike
0-1: Ball
1-1: Foul Ball, location: 2F
1-2: Ball
2-2: Strikes out swinging
Bottom of the 7th over - 0 run(s), 0 hit(s), 0 error(s), 0 left on base; Mile High 8 - San Jose 1
TOP OF THE 8TH
Mile High Broncos batting - Pitching for San Jose Missions : RHP Larry West
Batting: SHB Tom Stevens 0-0: Called Strike
0-1: Foul Ball, location: 2F
0-2: Strikes out swinging
Batting: RHB Terry Fuller 0-0: Ball
1-0: Ball
2-0: DOUBLE (Groundball, 5L)
Batting: RHB José Rodríguez 0-0: Ball
1-0: Foul Ball, location: 2F
1-1: Ground out 2-3 (Groundball, 25)
Terry Fuller to third
Batting: RHB Edward Williams 0-0: Called Strike
0-1: Swinging Strike
0-2: Ball
1-2: Ball
2-2: Strikes out looking
Top of the 8th over - 0 run(s), 1 hit(s), 0 error(s), 1 left on base; Mile High 8 - San Jose 1
BOTTOM OF THE 8TH
San Jose Missions batting - Pitching for Mile High Broncos : RHP Todd Clark
Batting: RHB Armando López 0-0: Foul Ball, location: 2F
0-1: Fly out, F9 (Flyball, 89M)
Batting: LHB John Foster 0-0: Foul Ball, location: 2F
0-1: Called Strike
0-2: Ball
1-2: Ball
2-2: Ball
3-2: Base on Balls
Batting: RHB Javier Ramírez 0-0: Ball
1-0: Swinging Strike
1-1: Swinging Strike
1-2: Foul Ball, location: 2F
1-2: Foul Ball, location: 2F
1-2: Strikes out swinging
Batting: RHB Artie Green 0-0: Ball
1-0: Called Strike
1-1: Swinging Strike
1-2: Strikes out swinging
Bottom of the 8th over - 0 run(s), 0 hit(s), 0 error(s), 1 left on base; Mile High 8 - San Jose 1
TOP OF THE 9TH
Mile High Broncos batting - Pitching for San Jose Missions : RHP Larry West
Pinch Hitting: RHB Michael MacDonald 0-0: Ball
1-0: Called Strike
1-1: Ball
2-1: Foul Ball, location: 2F
2-2: Foul Ball, location: 2F
2-2: Ground out 5-3 (Groundball, 56)
Batting: RHB Juan Jose Guevana 0-0: Called Strike
0-1: Ball
1-1: SINGLE (Flyball, 7S)
Batting: RHB Vincente Ventura 0-0: Ball
1-0: Ball
2-0: Ball
3-0: Called Strike
3-1: Grounds into double play, 6-4-3 (Groundball, 56)
Top of the 9th over - 0 run(s), 1 hit(s), 0 error(s), 0 left on base; Mile High 8 - San Jose 1
BOTTOM OF THE 9TH
San Jose Missions batting - Pitching for Mile High Broncos : RHP Todd Clark
Now at 2B: Michael MacDonald
Batting: RHB Bobby Brewster 0-0: Foul Ball, location: 2F
0-1: Bunt for hit - play at first, batter safe!
Batting: RHB Elliott Rucker 0-0: Called Strike
0-1: Fly out, F2 (Popup, 2RF)
Batting: RHB Luis Antonio Rosas 0-0: Fly out, F8 (Line Drive, 8RD)
Runner from 1st tags up, SAFE at 2nd
Batting: RHB Madidou El Sayed 0-0: Called Strike
0-1: Ball
1-1: Called Strike
1-2: Ball
2-2: Foul Ball, location: 2F
2-2: Foul Ball, location: 2F
2-2: DOUBLE (Flyball, 78XD)
Bobby Brewster scores
Batting: LHB Miguel Montés 0-0: Ball
1-0: Ground out 6-3 (Groundball, 6MS)
Bottom of the 9th over - 1 run(s), 2 hit(s), 0 error(s), 1 left on base; Mile High 8 - San Jose 2
This league is powered by Out of the Park Baseball, the baseball management simulation game for PC, Mac and Linux
Saturday, April 9th, 2016 - OOTP Baseball 16.8 Build 38